 Dungeon Sprint DCSS version 0.21-a0-264-g3e31e41 (webtiles) character file.

0 Kidiri the Sneak (level 1, -6/13 HPs)
             Began as a Spriggan Enchanter on Sept 9, 2017.
             Mangled by a worm (8 damage)
             ... in the Dungeon (Sprint II: "The Violet Keep of Menkaure").
             The game lasted 00:00:44 (25 turns).

Kidiri the Sneak (Spriggan Enchanter)                 Turns: 25, Time: 00:00:45

Health: -6/13      AC:  2    Str:  9    XL:     1   Next: 0%
Magic:  2/5        EV: 18    Int: 16    God:
Gold:   0          SH:  0    Dex: 16    Spells: 4/5 levels left

rFire    . . .     SeeInvis +   a - +1 dagger
rCold    . . .     Gourm    .   (shield restricted)
rNeg     . . .     Faith    .   b - +0 robe
rPois    .         Spirit   .   (helmet restricted)
rElec    .         Reflect  .   (no cloak)
rCorr    .         Harm     .   (gloves unavailable)
MR       .....     NoTele   +   (boots unavailable)
Stlth    ..........             (no amulet)
HPRegen  0.04/turn              (no ring)
MPRegen  0.09/turn              (no ring)

@: berserking, very quick
A: unfitting armour, see invisible, herbivore 3, speed 3, slow metabolism 2
a: no special abilities


You were in the Dungeon.
You were not hungry.

You visited 1 branch

Inventory:

Hand Weapons
 a - a +1 dagger (weapon)
Armour
 b - a +0 robe (worn)
Scrolls
 j - a scroll of blinking
Potions
 e - a potion of curing
 f - a potion of heal wounds
 g - a potion of haste
 h - 2 potions of magic
Books
 c - a book of Maledictions

   Spells                             Type                      Level
   a - Corona                         Hexes                        1
   b - Ensorcelled Hibernation        Hexes/Ice                    2
   c - Confuse                        Hexes                        3
   d - Tukima's Dance                 Hexes                        3
   e - Dazzling Spray                 Conjuration/Hexes            3
Comestibles
 d - a bread ration


   Skills:
 + Level 0.0 Fighting
 * Level 1.1 Short Blades
 + Level 0.0 Armour
 * Level 3.0 Dodging
 * Level 4.4 Stealth
 * Level 2.6 Spellcasting
 + Level 3.6 Hexes


You had 4 spell levels left.
You knew the following spells:

 Your Spells              Type           Power        Failure   Level  Hunger
a - Corona                Hex            ##.....      4%          1    #......


Dungeon Overview and Level Annotations

Branches:
Dungeon (1/1)

Altars:


Innate Abilities, Weirdness & Mutations

You are very small and have problems with some larger weapons.
You are too small for most types of armour.
You have supernaturally acute eyesight. (SInv)
You are a herbivore.
You cover ground extremely quickly.
You need consume almost no food.


Message History

You hit the worm.
The worm is lightly wounded.
Unknown command.
Unknown command.
Okay, then.
Unknown command.
Casting: Corona
Confirm with . or Enter, or press ? or * to list all spells.
Aiming: Corona
Press: ? - help, Shift-Dir - straight line, f - worm, p - worm
Aim: a worm (severely wounded, chance to defeat MR: 58%)
The worm is outlined in light.
The worm bites you.
Ouch! That really hurt!
Unknown command.
A red film seems to cover your vision as you go berserk!
You feel yourself moving faster!
You feel mighty! The worm bites you.
* * * LOW HITPOINT WARNING * * *
The worm bites you!
Ouch! That really hurt!
You die...

## ## ##. .##
.. w. w#. #
#+# n##
####.##.n.#
#$'ww.+$#
#...##@##.n.#
##.###+# n##
## #$# #


a#a . . ## ## You could see 2 worms.

Vanquished Creatures (others)
  Menkaure (D)
1 creature vanquished.

Notes
Turn   | Place    | Note
-------+----------+-------------------------------------------
     0 | D        | Kidiri the Spriggan Enchanter began the quest for the Orb.
     0 | D        | Reached XP level 1. HP: 9/9 MP: 5/5
     1 | D        | Noticed a worker ant
     1 | D        | Noticed a worker ant
     4 | D        | Noticed a necrophage
     4 | D        | Noticed a necrophage
     4 | D        | Noticed a necrophage
     4 | D        | Noticed a necrophage
     7 | D        | Noticed a tyrant leech
     7 | D        | Noticed a tyrant leech
    17 | D        | Killed Menkaure
    25 | D        | Mangled by a worm

Vault maps used:
D:        the_violet_keep_of_menkaure

Action                   || total
-------------------------++-------
Melee: Dagger            ||     2
 Cast: Corona            ||     3
  Use: Potion            ||     1
 Stab: Sleeping          ||     1
Dodge: Dodged            ||     1

Table legend:
 A = Spawn XP
 B = Non-spawn XP
 C = Spawn XP percentage of total XP
 D = Spawn monster count
 E = Non-spawn monster count
 F = Spawn count percentage of total count
 G = Total turns spent on level
                    A         B        C        D         E        F      G
               +---------+---------+-------+---------+---------+-------+---------
         Total |       0 |       0 |   N/A |       0 |       0 |   N/A |    25
               +---------+---------+-------+---------+---------+-------+---------
               +---------+---------+-------+---------+---------+-------+---------
